 Dungeon Crawl Stone Soup version 0.21.0-24-g2553a33 (webtiles) character file.

134 tidbits the Firebug (level 5, -9/37 HPs)
             Began as a Gnoll Fire Elementalist on Jan 21, 2018.
             Mangled by a two-headed ogre
             ... wielding a +0 giant club
              (30 damage)
             ... on level 5 of the Dungeon.
             The game lasted 00:03:24 (381 turns).

tidbits the Firebug (Gnoll Fire Elementalist)        Turns: 381, Time: 00:03:25

Health: -9/37      AC:  4    Str: 10    XL:     5   Next: 17%
Magic:  7/12       EV: 15    Int: 18    God:
Gold:   90         SH:  0    Dex: 16    Spells: 4/14 levels left

rFire    . . .     SeeInvis .   a - +0 dagger
rCold    . . .     Gourm    .   (no shield)
rNeg     + . .     Faith    .   e - +0 robe
rPois    .         Spirit   .   (no helmet)
rElec    .         Reflect  .   (no cloak)
rCorr    .         Harm     .   G - +1 pair of gloves
MR       .....                  (no boots)
Stlth    ++++......             (no amulet)
HPRegen  0.12/turn              i - ring of positive energy
MPRegen  0.13/turn              d - ring of stealth

@: no status effects
A: distributed training, fangs 1, strong nose
a: no special abilities


You were on level 5 of the Dungeon.
You were not hungry.

You visited 1 branch of the dungeon, and saw 5 of its levels.

You collected 90 gold pieces.

Inventory:

Hand Weapons
 a - a +0 dagger (weapon)
Armour
 e - a +0 robe (worn)
 G - a +1 pair of gloves (worn)
Jewellery
 d - a ring of stealth (right hand)
   (You found it on level 1 of the Dungeon)
 g - an uncursed ring of teleportation
   (You found it on level 4 of the Dungeon)
 i - a ring of positive energy (left hand)
   (You found it on level 4 of the Dungeon)
Scrolls
 h - a scroll of remove curse
Potions
 f - a potion of curing {unknown}
Books
 b - a book of Flames

   Spells                             Type                      Level
   a - Flame Tongue                   Conjuration/Fire             1
   b - Throw Flame                    Conjuration/Fire             2
   c - Conjure Flame                  Conjuration/Fire             3
   d - Inner Flame                    Hexes/Fire                   3
   e - Sticky Flame                   Conjuration/Fire             4
   f - Fireball                       Conjuration/Fire             5
Comestibles
 c - 2 rations


   Skills:
 + Level 1.3 Fighting
 + Level 1.3 Short Blades
 + Level 1.3 Long Blades
 + Level 1.3 Axes
 + Level 1.3 Maces & Flails
 + Level 1.3 Polearms
 + Level 1.3 Staves
 + Level 1.3 Slings
 + Level 1.3 Bows
 + Level 1.3 Crossbows
 + Level 1.3 Throwing
 + Level 1.3 Armour
 + Level 4.7 Dodging
 + Level 4.3 Stealth
 + Level 1.3 Shields
 + Level 1.3 Unarmed Combat
 + Level 5.1 Spellcasting
 + Level 2.3 Conjurations
 + Level 1.1 Hexes
 + Level 1.1 Charms
 + Level 1.1 Summonings
 + Level 1.1 Necromancy
 + Level 1.1 Translocations
 + Level 1.1 Transmutations
 + Level 5.5 Fire Magic
 + Level 1.1 Ice Magic
 + Level 1.1 Air Magic
 + Level 1.1 Earth Magic
 + Level 1.1 Poison Magic
 + Level 1.5 Invocations
 + Level 1.3 Evocations


You had 4 spell levels left.
You knew the following spells:

 Your Spells              Type           Power        Failure   Level  Hunger
a - Flame Tongue          Conj/Fire      ###..        2%          1    None
c - Conjure Flame         Conj/Fire      ###.....     8%          3    ##.....
f - Throw Flame           Conj/Fire      ###...       3%          2    #......
t - Sticky Flame          Conj/Fire      ###.....     26%         4    ####...


Dungeon Overview and Level Annotations

Branches:
Dungeon (5/15)
 Temple: D:4-7

Altars:


Innate Abilities, Weirdness & Mutations

Your experience applies equally to all skills.
You have very sharp teeth.
Your uncanny sense of smell can sniff out nearby items.


Message History

Casting: Flame Tongue
Confirm with . or Enter, or press ? or * to list all spells.
Aiming: Flame Tongue
Press: ? - help, Shift-Dir - straight line, f - iguana
Aim: an iguana The flame tongue hits the iguana.
The iguana is moderately wounded.
Casting: Flame Tongue
Confirm with . or Enter, or press ? or * to list all spells.
Aiming: Flame Tongue
Press: ? - help, Shift-Dir - straight line, f/p - iguana
Aim: an iguana (moderately wounded)
The flame tongue hits the iguana.
The iguana is severely wounded.
The iguana completely misses you.
Casting: Flame Tongue
Confirm with . or Enter, or press ? or * to list all spells.
Aiming: Flame Tongue
Press: ? - help, Shift-Dir - straight line, f/p - iguana
Aim: an iguana (severely wounded)
The flame tongue misses the iguana.
The iguana bites you.
Casting: Flame Tongue
Confirm with . or Enter, or press ? or * to list all spells.
Aiming: Flame Tongue
Press: ? - help, Shift-Dir - straight line, f/p - iguana
Aim: an iguana (severely wounded)
The flame tongue hits the iguana.
You kill the iguana!
You have reached level 5!
Memorise Throw Flame, consuming 2 spell levels and leaving 11?
You start memorising the spell.
You continue memorising. x2
You finish memorising.
Spell assigned to 'b'.
Adjust (i)tems, (s)pells, or (a)bilities?
Adjust which spell? b - Throw Flame Adjust to which letter? f - Throw Flame This spell is quite dangerous to cast!
Memorise Sticky Flame, consuming 4 spell levels and leaving 7?
You start memorising the spell.
You continue memorising. x4
You finish memorising.
Spell assigned to 'b'.
Adjust (i)tems, (s)pells, or (a)bilities?
Adjust which spell? b - Sticky Flame Adjust to which letter? t - Sticky Flame Memorise Conjure Flame, consuming 3 spell levels and leaving 4?
You start memorising the spell.
You continue memorising. x3
You finish memorising.
Spell assigned to 'c'.
Found 16 gold pieces.
Found a stone staircase leading down.
You see here 16 gold pieces.
You now have 90 gold pieces (gained 16).
Found a scroll labeled ARAYTU XIFUANWEUNA.
Found a ration.
A two-headed ogre opens the door.
A worker ant comes into view.
The two-headed ogre shouts in stereo!
You see here a ration.
c - 2 rations (gained 1)
Casting: Flame Tongue
Confirm with . or Enter, or press ? or * to list all spells.
Aiming: Flame Tongue
Press: ? - help, Shift-Dir - straight line, f - two-headed ogre
Aim: a two-headed ogre, wielding two giant clubs The flame tongue misses the two-headed ogre.
A hound zombie comes into view.
Casting: Flame Tongue
Confirm with . or Enter, or press ? or * to list all spells.
Aiming: Flame Tongue
Press: ? - help, Shift-Dir - straight line, f/p - two-headed ogre
Aim: a two-headed ogre, wielding two giant clubs The flame tongue hits the two-headed ogre.
The two-headed ogre is lightly wounded.
Casting: Flame Tongue
Confirm with . or Enter, or press ? or * to list all spells.
Aiming: Flame Tongue
Press: ? - help, Shift-Dir - straight line, f/p - two-headed ogre
Aim: a two-headed ogre, wielding two giant clubs (lightly wounded)
The flame tongue hits the two-headed ogre.
The two-headed ogre is moderately wounded.
The worker ant twitches its antennae in your direction.
The two-headed ogre closely misses you.
The two-headed ogre hits you with a giant club!
Casting: Flame Tongue
Confirm with . or Enter, or press ? or * to list all spells.
Aiming: Flame Tongue
Press: ? - help, Shift-Dir - straight line, f/p - two-headed ogre
Aim: a two-headed ogre, wielding two giant clubs (moderately wounded)
The flame tongue hits the two-headed ogre.
The two-headed ogre is moderately wounded.
Casting: Flame Tongue
Confirm with . or Enter, or press ? or * to list all spells.
Aiming: Flame Tongue
Press: ? - help, Shift-Dir - straight line, f/p - two-headed ogre
Aim: a two-headed ogre, wielding two giant clubs (moderately wounded)
The flame tongue hits the two-headed ogre.
The two-headed ogre is heavily wounded.
The two-headed ogre hits you with a giant club!!
Ouch! That really hurt!
You die...

#......... ..
+.........+ ...
#.........#
####'###.........+
........?........#
..............a..#
∆ .......Z.......#
...#.........#
#.#..O@.....#
####..#+########
#. #.....#.... #.
#........... #.
#........... #.
#......>####
#.######.....#....
.............#.###
...............#


You could see a two-headed ogre, a worker ant and a hound zombie.

Vanquished Creatures
  An ogre (D:4)
  An iguana (D:5)
  An adder (D:5)
  A dart slug (D:2)
  A leopard gecko (D:4)
  An orc (D:4)
  A giant cockroach (D:3)
  A goblin (D:1)
  A hobgoblin (D:2)
  A quokka (D:4)
  A frilled lizard (D:1)
  A rat (D:1)
12 creatures vanquished.

Notes
Turn   | Place    | Note
-------+----------+-------------------------------------------
     0 | D:1      | tidbits the Gnoll Fire Elementalist began the quest for the Orb.
     0 | D:1      | Reached XP level 1. HP: 13/13 MP: 6/6
    68 | D:2      | Reached skill level 2 in Conjurations
    68 | D:2      | Reached XP level 2. HP: 19/19 MP: 1/7
   135 | D:4      | Noticed an ogre
   171 | D:4      | Killed an ogre
   171 | D:4      | Reached skill level 1 in Fighting
   171 | D:4      | Reached skill level 1 in Short Blades
   171 | D:4      | Reached skill level 1 in Long Blades
   171 | D:4      | Reached skill level 1 in Axes
   171 | D:4      | Reached skill level 1 in Maces & Flails
   171 | D:4      | Reached skill level 1 in Polearms
   171 | D:4      | Reached skill level 1 in Staves
   171 | D:4      | Reached skill level 1 in Slings
   171 | D:4      | Reached skill level 1 in Bows
   171 | D:4      | Reached skill level 1 in Crossbows
   171 | D:4      | Reached skill level 1 in Throwing
   171 | D:4      | Reached skill level 1 in Armour
   171 | D:4      | Reached skill level 1 in Shields
   171 | D:4      | Reached skill level 1 in Unarmed Combat
   171 | D:4      | Reached skill level 5 in Spellcasting
   171 | D:4      | Reached skill level 1 in Hexes
   171 | D:4      | Reached skill level 1 in Charms
   171 | D:4      | Reached skill level 1 in Summonings
   171 | D:4      | Reached skill level 1 in Necromancy
   171 | D:4      | Reached skill level 1 in Translocations
   171 | D:4      | Reached skill level 1 in Transmutations
   171 | D:4      | Reached skill level 1 in Ice Magic
   171 | D:4      | Reached skill level 1 in Air Magic
   171 | D:4      | Reached skill level 1 in Earth Magic
   171 | D:4      | Reached skill level 1 in Poison Magic
   171 | D:4      | Reached skill level 1 in Invocations
   171 | D:4      | Reached skill level 1 in Evocations
   171 | D:4      | Reached XP level 3. HP: 26/26 MP: 0/9
   171 | D:4      | Reached XP level 4. HP: 32/32 MP: 0/11
   294 | D:5      | Entered Level 5 of the Dungeon
   342 | D:5      | Reached XP level 5. HP: 32/37 MP: 7/12
   346 | D:5      | Learned a level 2 spell: Throw Flame
   351 | D:5      | Learned a level 4 spell: Sticky Flame
   355 | D:5      | Learned a level 3 spell: Conjure Flame
   373 | D:5      | Noticed a two-headed ogre
   381 | D:5      | Mangled by a two-headed ogre

Skill      XL: |  1  2 |
---------------+-------+-----
Conjurations   | 2 |  2.3
Fighting       | 1 |  1.3
Short Blades   | 1 |  1.3
Long Blades    | 1 |  1.3
Axes           | 1 |  1.3
Maces & Flails | 1 |  1.3
Polearms       | 1 |  1.3
Staves         | 1 |  1.3
Slings         | 1 |  1.3
Bows           | 1 |  1.3
Crossbows      | 1 |  1.3
Throwing       | 1 |  1.3
Armour         | 1 |  1.3
Shields        | 1 |  1.3
Unarmed Combat | 1 |  1.3
Spellcasting   | 5 |  5.1
Hexes          | 1 |  1.1
Charms         | 1 |  1.1
Summonings     | 1 |  1.1
Necromancy     | 1 |  1.1
Translocations | 1 |  1.1
Transmutations | 1 |  1.1
Ice Magic      | 1 |  1.1
Air Magic      | 1 |  1.1
Earth Magic    | 1 |  1.1
Poison Magic   | 1 |  1.1
Invocations    | 1 |  1.5
Evocations     | 1 |  1.3
Dodging        | |  4.7
Stealth        | |  4.3
Fire Magic     | |  5.5

Action                   |  1- 3 |  4- 6 || total
-------------------------+-------+-------++-------
Melee: Dagger            |       |     1 ||     1
 Cast: Flame Tongue      |    20 |    14 ||    34
  Use: Scroll            |     1 |     1 ||     2
 Stab: Sleeping          |       |     1 ||     1
Armor: Robe              |     1 |       ||     1
Dodge: Dodged            |    11 |     4 ||    15

Table legend:
 A = Turns spent in this place as a percentage of turns spent in the entire game.
 B = Non-inter-level travel turns spent in this place as a percentage of non-inter-level travel turns spent in the entire game.
 C = Inter-level travel turns spent in this place as a percentage of turns spent in this place.
 D = Turns resting spent in this place as a percentage of non-inter-level travel turns spent in this place.
 E = Turns spent auto-exploring this place as a percentage of non-inter-level travel turns spent in this place.
 F = Non-inter-level travel turns spent in this place divided by the number of levels of this place that you've seen.
                   A       B       C       D       E      F
               +-------+-------+-------+-------+-------+----------------------
         Total | 100.0 | 100.0 |   0.0 |   0.0 |   0.0 |  76.2
       Dungeon | 100.0 | 100.0 |   0.0 |   0.0 |   0.0 |  76.2
               +-------+-------+-------+-------+-------+----------------------

Table legend:
 A = Kills in this place as a percentage of kills in entire the game.
 B = Kills by you in this place as a percentage of kills by you in the entire game.
 C = Kills by friends in this place as a percentage of kills by friends in the entire game.
 D = Other kills in this place as a percentage of other kills in the entire game.
 E = Experience gained in this place as a percentage of experience gained in the entire game.
 F = Experience gained in this place divided by the number of levels of this place that you have seen.
                   A       B       C       D       E      F
               +-------+-------+-------+-------+-------+----------------------
         Total | 100.0 | 100.0 |   N/A |   N/A | 100.0 |  38.4
       Dungeon | 100.0 | 100.0 |   N/A |   N/A | 100.0 |  38.4
               +-------+-------+-------+-------+-------+----------------------

Vault maps used:
D:1:      minmay_arrival_stone_box, minmay_misc_feat_rugged
D:3:      lemuel_doored_altar, chequers_ecumenical_altar_grove
D:4:      kennysheep_decorative_pillar, glass_columns_b, minmay_door_square
D:5:      yredelemnul_altar_generic, grunt_temple_overflow_octagram,
          first_ration, uniq_sigmund
